 Dungeon Crawl Stone Soup version 0.21.1-1-g345015f (webtiles) character file.

1850 diana the Martial Artist (level 9, 0/42 HPs)
             Began as a Vine Stalker Gladiator on May 26, 2018.
             Was a Follower of Okawaru.
             Succumbed to Phong's ghost's poison
             ... on level 6 of the Dungeon.
             The game lasted 00:15:23 (4398 turns).

diana the Martial Artist (Vine Stalker Gladiator)   Turns: 4398, Time: 00:15:24

Health: 0/42       AC: 19    Str: 15    XL:     9   Next: 12%
Magic:  1/19       EV: 10    Int:  8    God:    Okawaru [*.....]
Gold:   334        SH:  0    Dex: 18    Spells: 8/8 levels left

rFire    . . .     SeeInvis +     - Unarmed
rCold    + + .     Gourm    .   (no shield)
rNeg     . . .     Faith    .   y - +6 chain mail of Leqoeh {rC+ Str-3 SInv}
rPois    .         Spirit   +   b - +1 helmet
rElec    .         Reflect  .   (no cloak)
rCorr    .         Harm     .   (no gloves)
MR       +....                  e - +0 pair of boots
Stlth    ..........             (no amulet)
HPRegen  0.54/turn              g - ring of magical power
MPRegen  0.16/turn              n - ring of protection from cold

@: lethally poisoned (0 -> -1), heroism
A: fangs 3, regeneration 1, magic shield, antimagic bite, no potion heal 3, rot
immunity
a: Heroism, Renounce Religion


You were on level 6 of the Dungeon.
You worshipped Okawaru.
Okawaru was aware of your devotion.
You were hungry.

You visited 2 branches of the dungeon, and saw 7 of its levels.
You also visited: Sewer.

You collected 334 gold pieces.

Inventory:

Missiles
 c - 3 throwing nets (quivered)
Armour
 a - a +0 leather armour
 b - a +1 helmet (worn)
 e - a +0 pair of boots (worn)
 s - a +2 robe of magic resistance
 y - the +6 chain mail of Leqoeh (worn) {rC+ Str-3 SInv}
   (You found it on level 4 of the Dungeon)

   It affects your strength (-3).
   It protects you from cold.
   It lets you see invisible.
 C - a +0 shield
Jewellery
 g - a ring of magical power (left hand)
 l - an uncursed amulet of inaccuracy
 n - a ring of protection from cold (right hand)
Wands
 D - a wand of acid (3)
Scrolls
 f - a scroll of magic mapping {unknown}
 i - 5 scrolls of teleportation
 k - a scroll of amnesia
 o - 2 scrolls of enchant weapon
 q - a scroll of enchant armour
 r - 3 scrolls of identify
 u - a scroll of fog {unknown}
 E - a scroll of fear {unknown}
Potions
 h - a potion of degeneration {unknown}
 j - a potion of cancellation {unknown}
 m - 2 potions of mutation {unknown}
 p - 2 potions of curing {unknown}
 t - 2 potions of agility {unknown}
 v - a potion of resistance {unknown}
 w - a potion of haste {unknown}
 x - 2 potions of heal wounds {unknown}
 z - a potion of magic {unknown}
 A - a potion of might {unknown}
Books
 B - a book of Geomancy

   Spells                             Type                      Level
   a - Sandblast                      Earth                        1
   b - Passwall                       Transmutation/Earth          2
   c - Stone Arrow                    Conjuration/Earth            3
   d - Petrify                        Transmutation/Earth          4
   e - Lee's Rapid Deconstruction     Earth                        5
Comestibles
 d - 12 rations


   Skills:
 - Level 1.7(6.7) Fighting
 - Level 1.7(6.7) Throwing
 - Level 2.4(7.4) Dodging
 + Level 11.7(16.7) Unarmed Combat


You had 8 spell levels left.
You didn't know any spells.

Dungeon Overview and Level Annotations

Branches:
Dungeon (6/15)             Temple (1/1) D:4

Altars:
Ashenzari
Cheibriados
Dithmenos
Elyvilon
Fedhas
Gozag
Hepliaklqana
Kikubaaqudgha
Makhleb
Nemelex Xobeh
Okawaru
Qazlal
Ru
Sif Muna
Uskayaw
Vehumet
Wu Jian
Yredelemnul
Zin

Annotations:
D:3 Agrougrou's ghost, amateur MiFi


Innate Abilities, Weirdness & Mutations

You have razor-sharp teeth.
Your natural rate of healing is unusually fast.
When hurt, damage is shared between your health and your magic reserves.
Your bite disrupts and absorbs the magic of your enemies.
Potions cannot restore your health.
You are immune to rotting.


Message History

* * * LOW HITPOINT WARNING * * *
You feel sick.
Okay, then.
You gain the combat prowess of a mighty hero.
* * * LOW HITPOINT WARNING * * *
You feel sick. The quokka barely misses you.
You punch the quokka!
You kill the quokka!
Okawaru accepts your kill.
* * * LOW HITPOINT WARNING * * *
You feel sick. The ogre barely misses you.
You punch the black bear!
You kill the black bear!
Okawaru accepts your kill. The orc hits you but does no damage.
The ogre hits you with a giant club!
* * * LOW HITPOINT WARNING * * *
You hit the ogre but do no damage. You punch the ogre!
You bite the ogre, but do no damage.
The ogre is heavily wounded.
You die...

.?..... #.##.##.#####.
#..o######.##.........#
#o...##.#####.#####.
##....#.#####.# ##
##...#.......# #
##......#######
#..#..#.#
#.#.#o#Oo#.###
#..^..@†......
#.....#.......
#..........#..
#.....#.####..#
#.....#.# ..# #.....#$#
#######.# ..


You could see an ogre, an orc priest and an orc.

Vanquished Creatures
  The ghost of Phong the Frost Mage, a novice OpIE of Dithmenos (D:6)
  An ice beast (D:5)
  A phantom (D:4)
  A black bear (D:6)
  An ogre (D:4)
  A centaur (D:5)
  A bullfrog (D:6)
  A scorpion (D:4)
  A howler monkey (D:6)
  2 crimson imps
  2 orc priests
  A hound (D:5)
  A bullfrog skeleton (D:4)
  7 orc wizards
  Jessica (D:3)
  2 iguanas
  5 worker ants
  A hound zombie (D:5)
  A hound skeleton (D:4)
  A howler monkey skeleton (D:6)
  7 adders
  2 shadow imps (D:5)
  2 oozes
  A worm (D:4)
  4 dart slugs
  3 leopard geckos
  17 orcs
  8 ball pythons
  3 bats (D:1)
  4 giant cockroaches
  5 goblins
  3 hobgoblins (D:2)
  12 jackals
  8 kobolds
  3 quokkas
  4 frilled lizards
  A jackal skeleton (D:4)
  7 rats
127 creatures vanquished.

Notes
Turn   | Place    | Note
-------+----------+-------------------------------------------
     0 | D:1      | diana the Vine Stalker Gladiator began the quest for the Orb.
     0 | D:1      | Reached XP level 1. HP: 11/11 MP: 2/2
    50 | D:1      | Reached XP level 2. HP: 14/15 MP: 3/3
   293 | D:1      | Reached skill level 4 in Unarmed Combat
   393 | D:1      | Reached XP level 3. HP: 17/18 MP: 4/4
  1340 | D:2      | Gained mutation: Your natural rate of healing is unusually fast. [Vine Stalker growth]
  1340 | D:2      | Reached XP level 4. HP: 17/23 MP: 5/5
  1410 | D:3      | Noticed Jessica
  1418 | D:2      | Reached skill level 5 in Unarmed Combat
  1440 | D:3      | Killed Jessica
  1440 | D:3      | Reached XP level 5. HP: 26/26 MP: 6/6
  1488 | D:3      | Reached skill level 6 in Unarmed Combat
  1561 | D:3      | Noticed Agrougrou's ghost (amateur MiFi)
  1617 | D:4      | Reached XP level 6. HP: 23/30 MP: 7/7
  1624 | D:4      | Noticed a phantom
  1645 | D:4      | Killed a phantom
  1645 | D:4      | Reached skill level 7 in Unarmed Combat
  1692 | D:4      | Found a staircase to the Ecumenical Temple.
  1744 | D:4      | Reached XP level 7. HP: 15/34 MP: 8/8
  1845 | Temple   | Entered the Ecumenical Temple
  2088 | D:4      | Found a glowing drain.
  2096 | Sewer    | Entered a sewer
  2140 | Sewer    | Reached skill level 8 in Unarmed Combat
  3074 | D:4      | Got a polished chain mail
  3085 | D:4      | Identified the +6 chain mail of Leqoeh {rC+ Str-3 SInv} (You found it on level 4 of the Dungeon)
  3340 | D:4      | Found a shadowy altar of Dithmenos.
  3436 | D:5      | Entered Level 5 of the Dungeon
  3580 | D:5      | Reached skill level 9 in Unarmed Combat
  3633 | D:5      | Found an iron altar of Okawaru.
  3633 | D:5      | Found a shattered altar of Ashenzari.
  3693 | D:5      | Gained mutation: You have razor-sharp teeth. [Vine Stalker growth]
  3693 | D:5      | Reached XP level 8. HP: 36/38 MP: 9/9
  3720 | D:5      | Became a worshipper of Warmaster Okawaru
  4251 | D:6      | Reached skill level 10 in Unarmed Combat
  4364 | D:6      | Noticed Phong's ghost (novice OpIE)
  4378 | D:6      | Killed Phong's ghost
  4378 | D:6      | Reached * piety under Okawaru
  4378 | D:6      | Reached skill level 11 in Unarmed Combat
  4378 | D:6      | Reached XP level 9. HP: 33/42 MP: 10/10
  4395 | D:6      | HP: 2/42 [poisoned by Phong's ghost]
  4398 | D:6      | Succumbed to Phong's ghost's poison

Skill      XL: |  1  2  3  4  5  6  7  8 |
---------------+-------------------------+-----
Unarmed Combat | 4 5 6 7 9 11 | 11.7
Fighting       | |  1.7
Throwing       | |  1.7
Dodging        | |  2.4

Action                   |  1- 3 |  4- 6 |  7- 9 || total
-------------------------+-------+-------+-------++-------
Melee: Unarmed           |   137 |   107 |   242 ||   486
       Bite              |    29 |    34 |    66 ||   129
       Punch             |       |     3 |     7 ||    10
Invok: Heroism           |       |       |     1 ||     1
  Use: Scroll            |     6 |       |       ||     6
 Stab: Sleeping          |     2 |     1 |       ||     3
  Eat: Chunk             |       |     3 |     8 ||    11
Armor: Leather armour    |    40 |    20 |       ||    60
       Robe              |       |     7 |    40 ||    47
       Chain mail        |       |       |   110 ||   110
Dodge: Dodged            |    93 |    59 |   133 ||   285
